 Dungeon Crawl Stone Soup version 0.29-a0-323-g050149af67 (webtiles) character file.

Game seed: 14132439647848150201

58 GigaChad the Slasher (level 3, -8/34 HPs)
             Began as a Minotaur Chaos Knight on Apr 11, 2022.
             Was a Plaything of Xom.
             Mangled by a culicivora (shapeshifter) (15 damage)
             ... on level 3 of the Dungeon.
             The game lasted 00:03:12 (1096 turns).

GigaChad the Slasher (Minotaur Chaos Knight)        Turns: 1096, Time: 00:03:21

Health: -8/34      AC:  9    Str: 16    XL:     3   Next: 76%
Magic:  2/2        EV:  7    Int:  9    God:    Xom [...*..]
Gold:   52         SH:  0    Dex: 11    Spells: 2/2 levels left

rFire   . . .      SeeInvis .   a - +0 falchion (chaos)
rCold   . . .      Faith    .   (no shield)
rNeg    . . .      Spirit   .   i - +0 chain mail
rPois   .          Reflect  .   (helmet restricted)
rElec   .          Harm     .   (no cloak)
rCorr   .          Rampage  .   (no gloves)
Will    .....                   (no boots)
Stlth   ..........              (no amulet)
HPRegen 0.11/turn               (no ring)
MPRegen 0.08/turn               (no ring)

@: no status effects
A: horns 2, retaliatory headbutt
a: Renounce Religion


You were on level 3 of the Dungeon.
You worshipped Xom.
You were a favourite toy of Xom.
You visited 1 branch of the dungeon, and saw 3 of its levels.

You collected 52 gold pieces.

Inventory:

Hand Weapons
 a - a +0 falchion of chaos (weapon)
 j - a +1 dagger of venom
Armour
 b - a +2 leather armour
 f - a +0 scale mail
 h - a +2 animal skin
 i - a +0 chain mail (worn)
Scrolls
 d - a scroll of fog {unknown}
 e - a scroll of fear {unknown}
 g - a scroll of teleportation {unknown}
Potions
 k - a potion of curing {unknown}
 l - a potion of brilliance {unknown}
Miscellaneous
 c - a piece from Xom's chessboard (15/15) (quivered)


   Skills:
 + Level 4.4 Fighting
 + Level 4.7 Long Blades
 + Level 3.2 Armour
 + Level 1.1 Dodging


You had 2 spell levels left.
You didn't know any spells.
Your spell library was empty.

Dungeon Overview and Level Annotations

Branches:
Dungeon (3/15)

Altars:


Innate Abilities, Weirdness & Mutations

You have a pair of horns on your head.
You reflexively headbutt those who attack you in melee.


Message History

The gnoll hits you with a +0 club. The gnoll hits you but does no damage.
You hit the gnoll but do no damage.
The gnoll changes into a shapeshifter!
Xom thinks this is hilarious!
Your headbutt misses the shapeshifter.
The shapeshifter changes into a culicivora!
The gnoll hits you but does no damage.
You hit the culicivora.
Lightning courses through the culicivora!
The culicivora is moderately wounded.
The gnoll hits you with a +0 club.
You hit the gnoll. You drain the gnoll.
The gnoll is severely wounded.
The gnoll hits you with a +0 club.
You barely miss the gnoll.
The gnoll is severely wounded.
The gnoll hits you but does no damage. The gnoll hits you with a +0 whip.
You hit the gnoll but do no damage.
The gnoll is severely wounded.
The gnoll hits you with a +0 club. The gnoll hits you but does no damage.
You hit the gnoll. You burn the gnoll.
You kill the gnoll!
The gnoll hits you but does no damage.
Your Armour skill increases to level 3!
You closely miss the culicivora.
The culicivora is moderately wounded.
The culicivora bites you but does no damage.
The gnoll hits you with a +0 club. The culicivora bites you.
The culicivora draws strength from your injuries!
You barely miss the culicivora.
The culicivora is moderately wounded.
The gnoll hits you but does no damage. The culicivora barely misses you.
The gnoll hits you with a +0 club.
You closely miss the culicivora. Your headbutt misses the culicivora.
The culicivora is moderately wounded.
The culicivora bites you!
* * * LOW HITPOINT WARNING * * *
The culicivora draws strength from your injuries!
The culicivora bites you!
You die...
Xom cackles wildly!

#.## #...... #...
...... #..####....
#......... >
#........ ..
#.....#.# .?
###.....#.###.#.##
#.g..<.......<....
#@#...........#..#
#s#.#..##.#####
#g#.#..##.#
#g#.#..##.#
#.#.#...#.###
#.#.#.......######
#.#.#.#.#.........
#.#.#.#####.#####.
#.#.#####.......


You could see a culicivora shaped shifter, 2 gnolls and a hobgoblin.

Vanquished Creatures
  Robin (D:2)
  A gnoll (D:3)
  An adder (D:2)
  2 worms (D:2)
  An endoplasm (D:2)
  4 goblins (D:2)
  8 hobgoblins
  A kobold (D:2)
  A ball python (D:3)
  2 bats
  2 rats (D:2)
24 creatures vanquished.

Notes
Turn   | Place    | Note
-------+----------+-------------------------------------------
     0 | D:1      | GigaChad the Minotaur Chaos Knight began the quest for the
                  | Orb.
     0 | D:1      | Reached XP level 1. HP: 19/19 MP: 0/0
   397 | D:2      | XOM: divination: detect creatures
   556 | D:2      | Reached XP level 2. HP: 27/27 MP: 1/1
   578 | D:2      | Noticed Robin
   584 | D:2      | Killed Robin
   585 | D:2      | Reached XP level 3. HP: 23/34 MP: 2/2
  1088 | D:3      | Noticed a shapeshifter
  1088 | D:3      | a gnoll changed into a shapeshifter
  1088 | D:3      | Noticed a culicivora
  1088 | D:3      | a shapeshifter changed into a culicivora
  1096 | D:3      | Mangled by a culicivora (shapeshifter)

Illustrated notes

Levels and vault maps discovered:
D:1:      nzn_arrival_water_spiral, layout_basic, dreamdust_wishing_well,
          minmay_misc_feat_encased
D:2:      layout_loops_ring, minmay_misc_feat_diagonals, minmay_heptomino_o4,
          uniq_robin
D:3:      layout_loops_ring, serial_shops, shop, uniq_ijyb

Skill      XL: |  1  2  3 |
---------------+----------+-----
Fighting       | 4 |  4.4
Long Blades    | 4 |  4.7
Armour         | 3 |  3.2
Dodging        | |  1.1

Action                   || total
-------------------------++-------
Melee: Falchion          ||    60
       Headbutt          ||    11
Armor: Scale mail        ||    18
       Leather armour    ||     5
       Chain mail        ||     9
Dodge: Dodged            ||    20

Table legend: (Time is in decaauts)
 A = Elapsed time spent in this place.
 B = Non-inter-level travel time spent in this place.
 C = Inter-level travel time spent in this place.
 D = Time resting spent in this place.
 E = Time spent auto-exploring this place.
 F = Levels seen in this place.
 G = Mean time per level.
                   A        B        C        D        E       F      G
               +--------+--------+--------+--------+--------+-----+--------+
         Total |   1100 |   1064 |     36 |    446 |    170 |   3 |  366.7 |
       Dungeon |   1100 |   1064 |     36 |    446 |    170 |   3 |  366.7 |
               +--------+--------+--------+--------+--------+-----+--------+

Top non-repeatable levels by time:
     D:2: 1033 daAuts
     D:3: 62 daAuts
     D:1: 5 daAuts
